Rocket vs Monsters

Created - December 16, 2021 at 19:42

Goals
1 2 3 T
Rocket 0 1 1 2
Monsters 1 2 2 5
Shots
1 2 3 T
Rocket 14 10 13 37
Monsters 11 11 13 35

1st period

1. Monsters , Austin Watson 2 (Morgan Rielly 3, Christian Hanson 4) at 1:52 (PP)

Penalties :
Kole Sherwood (Lav) for Holding (Minor) at 1:35

2nd period

2. Monsters , Aaron Ness 1 (Morgan Rielly 4) at 0:58
3. Rocket , Jiri Sekac 1 (Adrian Kempe 3, Peter Holland 4) at 5:20
4. Monsters , Morgan Rielly 2 (Dominik Simon 2, Christian Hanson 5) at 19:00 (PP)

Penalties :
Morgan Rielly (Cle) for High sticking (Double Minor) at 5:29, Aaron Ness (Cle) for Hooking (Minor) at 11:43, Aaron Ness (Cle) for Interference (Minor) at 16:52, Tyler Pitlick (Lav) for Holding Stick (Minor) at 17:31

3rd period

5. Rocket , Tyler Pitlick 1 (Tyler Lewington 1) at 1:36
6. Monsters , Matt Calvert 4 (Zac Dalpe 6, Ondrej Kase 1) at 5:12 (PP)
7. Monsters , Mitch Marner 4 (Zac Dalpe 7, Morgan Rielly 5) at 12:27 (PP)

Penalties :
Sergey Tolchinsky (Lav) for Hooking (Minor) at 3:34, Austin Watson (Cle) for Roughing (Minor) at 8:28, Blake Hillman (Lav) for Tripping (Minor) at 11:39, Andrei Mironov (Lav) for Tripping (Minor) at 15:56

Goalie Stats

Jean-Francois Berube (Lav), 30 saves from 35 shots - (0.857), L, 3-2-0, 60:00 minutes
Eric Comrie (Cle), 35 saves from 37 shots - (0.946), W, 4-0-1, 60:00 minutes

Players Stats for Rocket

Player Name              G  A  P  +/- PIM S  H  SB GA TA FO     MP     PP MP  PK MP  
------------------------------------------------------------------------------------
Adrian Kempe             0  1  1   0  0   2  2  0  1  1  0/0    16:34   4:01   0:51 
Andrei Mironov           0  0  0   0  2   2  1  1  0  0  0/0    20:52   3:29   0:58 
Andrey Pedan             0  0  0  -1  0   0  1  1  3  0  0/0    29:29   5:07   2:49 
Blake Hillman            0  0  0   2  2   0  1  0  0  0  0/0    12:06   0:00   1:04 
Corey Trivino            0  0  0   0  0   2  3  0  0  0  22/38  20:03   4:35   0:57 
Daniel Sprong            0  0  0   0  0   0  0  0  0  0  0/0     1:29   0:00   0:51 
Danton Heinen            0  0  0   0  0   4  2  0  0  0  0/0    16:10   4:01   0:57 
Dominic Turgeon          0  0  0   1  0   2  0  0  0  0  4/8    10:23   0:00   0:00 
Jack Glover              0  0  0   0  0   2  1  1  0  1  0/0    19:52   3:29   2:09 
Jiri Sekac               1  0  1   1  0   5  3  1  0  0  0/0    10:23   0:00   0:00 
Karson Kuhlman           0  0  0   0  0   3  1  0  0  0  1/3     9:03   0:00   0:00 
Kole Sherwood            0  0  0   0  2   1  1  0  0  1  0/0     9:02   0:00   0:00 
Luke Kunin               0  0  0   0  0   0  0  0  0  0  0/1     0:32   0:00   0:00 
Mason Appleton           0  0  0   0  0   0  0  0  0  0  0/0     0:48   0:00   0:00 
Mattias Tedenby          0  0  0   0  0   4  0  0  1  0  5/11   23:15   4:35   3:03 
Mikhail Maltsev          0  0  0   0  0   0  0  0  0  0  0/0     0:00   0:00   0:00 
Peter Holland            0  1  1   0  0   1  0  0  1  0  4/5    15:13   4:01   0:00 
Sergey Tolchinsky        0  0  0   0  2   0  1  2  0  0  0/0     9:02   0:00   0:00 
Ty Rattie                0  0  0   1  0   1  2  0  0  0  0/0    10:23   0:00   0:00 
Tyler Lewington          0  1  1   2  0   0  0  0  0  1  0/0     8:44   0:00   0:32 
Tyler Pitlick            1  0  1   0  2   6  0  2  1  0  2/3    22:08   4:34   3:03 
Viktor Loov              0  0  0  -1  0   2  1  1  1  1  0/0    28:13   5:07   2:10 

Players Stats for Monsters

Player Name              G  A  P  +/- PIM S  H  SB GA TA FO     MP     PP MP  PK MP  
------------------------------------------------------------------------------------
Aaron Ness               1  0  1   1  4   2  3  0  1  2  0/0    27:26   2:32   3:18 
Austin Watson            1  0  1   0  2   2  1  1  0  1  0/1    15:01   2:14   1:08 
Bobby Farnham            0  0  0  -1  0   2  1  0  0  1  0/0    11:41   0:32   0:00 
Cameron Hughes           0  0  0   0  0   0  0  0  0  0  0/0     0:25   0:11   0:14 
Christian Hanson         0  2  2   0  0   2  2  0  0  0  6/13   16:31   2:23   2:22 
Dillon Heatherington     0  0  0  -2  0   2  1  2  0  0  0/0    20:02   1:54   4:07 
Dominik Simon            0  1  1  -1  0   2  1  0  1  0  4/8    13:55   0:09   2:22 
Francis Perron           0  0  0   0  0   0  0  0  0  0  0/0     0:23   0:11   0:12 
Jared Knight             0  0  0   0  0   2  0  0  0  0  2/3     5:47   0:00   0:00 
Joakim Nordstrom         0  0  0  -1  0   2  2  0  0  0  0/0    11:09   0:00   0:00 
Marc Michaelis           0  0  0   0  0   0  1  0  0  0  0/0     5:47   0:00   0:00 
Matt Calvert             1  0  1   0  0   6  1  0  0  1  0/1    24:19   1:56   4:38 
Matt Grzelcyk            0  0  0  -2  0   1  1  4  1  2  0/0    19:54   1:54   4:05 
Maxim Mamin              0  0  0   0  0   0  0  0  0  0  0/0     0:21   0:21   0:00 
Mitch Marner             1  0  1   0  0   2  1  0  0  0  3/3    13:45   2:14   0:00 
Morgan Rielly            1  3  4   1  4   3  2  0  1  0  0/0    27:36   2:32   2:22 
Nathan Noel              0  0  0   0  0   0  0  0  0  0  0/0     0:00   0:00   0:00 
Ondrej Kase              0  1  1   0  0   0  1  0  1  1  0/1    18:33   1:56   0:00 
Patrik Laine             0  0  0   0  0   1  0  0  0  0  0/0     1:40   0:00   1:34 
Richard Nejezchleb       0  0  0   0  0   1  0  0  0  0  1/1     5:47   0:00   0:00 
Ryan Fitzgerald          0  0  0   0  0   0  0  0  0  0  0/0     0:21   0:21   0:00 
Tarmo Reunanen           0  0  0   0  0   0  0  0  0  0  0/0    13:29   0:25   3:09 
Victor Mete              0  0  0   0  0   0  0  0  0  0  0/0    11:45   0:34   0:11 
Zac Dalpe                0  2  2   0  0   5  3  1  0  0  15/38  24:23   1:56   4:42 

3 Stars

1 - Morgan Rielly (Cle)
2 - Eric Comrie (Cle)
3 - Zac Dalpe (Cle)

Power Play

Rocket - 0 on 5 Attempt(s) - 0.00%
Monsters - 4 on 5 Attempt(s) - 80.00%

Penalty Kill

Rocket - 1 on 5 Attempt(s) - 20.00% - Score 0 goal in Penalty Kill
Monsters - 5 on 5 Attempt(s) - 100.00% - Score 0 goal in Penalty Kill

Team Stat

Rocket - Hits : 20 - Faceoff Wins : 38 - Blocked Shots : 9 - Penalty Minutes : 10
Monsters - Hits : 21 - Faceoff Wins : 31 - Blocked Shots : 8 - Penalty Minutes : 10

Official

Referees : Jean Hebert and Reid Anderson
Linesman : Devin Berg and Matt MacPherson

Game Notes

Tyler Lewington is injured at 4:55 of 3rd period (Separated Right Shoulder)
12:27 of 3rd period - Monsters goal is going for a video replay. After video review, Goal.

Finance

Level 1 -- Attendance: 2000 (100.00%) -- Ticket Income $70,000
Level 2 -- Attendance: 953 (95.30%) -- Ticket Income $14,295
Total Attendance: 2953 (98.43%)
Total Ticket Income: $84,295
Other Income: $4,215
Total Income: $88,510

Rocket

5 vs 5 Forward 
   Center                   Left Wing                Right Wing               Time % Phy DF OF 
 1 Corey Trivino            Tyler Pitlick            Mattias Tedenby          40     1   2  2  
 2 Peter Holland            Adrian Kempe             Danton Heinen            30     1   2  2  
 3 Dominic Turgeon          Jiri Sekac               Ty Rattie                20     1   2  2  
 4 Karson Kuhlman           Sergey Tolchinsky        Kole Sherwood            10     1   2  2  

5 vs 5 Defense 
   Defense                  Defense                                           Time % Phy DF OF 
 1 Viktor Loov              Andrey Pedan                                      40     1   2  2  
 2 Andrei Mironov           Jack Glover                                       30     1   2  2  
 3 Tyler Lewington          Blake Hillman                                     20     1   2  2  
 4 Viktor Loov              Andrey Pedan                                      10     1   2  2  

PowerPlay Forward 
   Center                   Left Wing                Right Wing               Time % Phy DF OF 
 1 Corey Trivino            Tyler Pitlick            Mattias Tedenby          60     1   2  2  
 2 Peter Holland            Adrian Kempe             Danton Heinen            40     1   2  2  

PowerPlay Defense
   Defense                  Defense                                           Time % Phy DF OF 
 1 Viktor Loov              Andrey Pedan                                      60     1   2  2  
 2 Andrei Mironov           Jack Glover                                       40     1   2  2  

Penalty Kill 4 Players Forward 
   Center                   Wing                     Time % Phy DF OF 
 1 Mattias Tedenby          Tyler Pitlick            60     1   2  2  
 2 Corey Trivino            Danton Heinen            40     1   2  2  

Penalty Kill 4 Players Defense
   Defense                  Defense                  Time % Phy DF OF 
 1 Viktor Loov              Andrey Pedan             60     1   2  2  
 2 Andrei Mironov           Jack Glover              40     1   2  2  

Penalty Kill - 3 Players Forward 
   Forward                                           Time % Phy DF OF 
 1 Mattias Tedenby                                   60     1   2  2  
 2 Tyler Pitlick                                     40     1   2  2  

Penalty Kill - 3 Players Defense
   Defense                  Defense                  Time % Phy DF OF 
 1 Viktor Loov              Andrey Pedan             60     1   2  2  
 2 Andrei Mironov           Jack Glover              40     1   2  2  

4 vs 4 Forward 
   Center                   Wing                     Time % Phy DF OF 
 1 Mattias Tedenby          Tyler Pitlick            60     1   2  2  
 2 Corey Trivino            Danton Heinen            40     1   2  2  

4 vs 4 Defense
   Defense                  Defense                  Time % Phy DF OF 
 1 Viktor Loov              Andrey Pedan             60     1   2  2  
 2 Andrei Mironov           Jack Glover              40     1   2  2  

Last Minutes Offensive
   Center                   Left Wing                Right Wing               Defense                  Defense                  
   Corey Trivino            Tyler Pitlick            Mattias Tedenby          Viktor Loov              Andrey Pedan             

Last Minutes Defensive
   Center                   Left Wing                Right Wing               Defense                  Defense                  
   Corey Trivino            Tyler Pitlick            Mattias Tedenby          Viktor Loov              Andrey Pedan             

Goaltenders
Starting : Jean-Francois Berube     
Backup : Adam Werner              

Extra Forwards
Normal : Mason Appleton, Luke Kunin, Daniel Sprong - PP : Mason Appleton, Luke Kunin - PK : Daniel Sprong
Extra Defensemen
Normal : Tyler Lewington, Blake Hillman, Andrei Mironov - PP : Tyler Lewington - PK : Blake Hillman, Andrei Mironov
Penalty Shots
Mattias Tedenby, Tyler Pitlick, Corey Trivino, Danton Heinen, Peter Holland

Scratches
Dean Kukan (Lacerated Right Calf Injury), Guillaume Brisebois (Healthy)

Monsters

5 vs 5 Forward 
   Center                   Left Wing                Right Wing               Time % Phy DF OF 
 1 Zac Dalpe                Matt Calvert             Ondrej Kase              40     1   2  2  
 2 Christian Hanson         Austin Watson            Mitch Marner             30     1   2  2  
 3 Dominik Simon            Joakim Nordstrom         Bobby Farnham            20     1   2  2  
 4 Jared Knight             Marc Michaelis           Richard Nejezchleb       10     1   2  2  

5 vs 5 Defense 
   Defense                  Defense                                           Time % Phy DF OF 
 1 Morgan Rielly            Aaron Ness                                        40     1   2  2  
 2 Dillon Heatherington     Matt Grzelcyk                                     30     1   2  2  
 3 Victor Mete              Tarmo Reunanen                                    20     1   2  2  
 4 Morgan Rielly            Aaron Ness                                        10     1   2  2  

PowerPlay Forward 
   Center                   Left Wing                Right Wing               Time % Phy DF OF 
 1 Zac Dalpe                Matt Calvert             Ondrej Kase              60     1   2  2  
 2 Christian Hanson         Austin Watson            Mitch Marner             40     1   2  2  

PowerPlay Defense
   Defense                  Defense                                           Time % Phy DF OF 
 1 Morgan Rielly            Aaron Ness                                        60     1   2  2  
 2 Dillon Heatherington     Matt Grzelcyk                                     40     1   2  2  

Penalty Kill 4 Players Forward 
   Center                   Wing                     Time % Phy DF OF 
 1 Zac Dalpe                Matt Calvert             60     1   2  2  
 2 Christian Hanson         Dominik Simon            40     1   2  2  

Penalty Kill 4 Players Defense
   Defense                  Defense                  Time % Phy DF OF 
 1 Morgan Rielly            Aaron Ness               60     1   2  2  
 2 Dillon Heatherington     Matt Grzelcyk            40     1   2  2  

Penalty Kill - 3 Players Forward 
   Forward                                           Time % Phy DF OF 
 1 Zac Dalpe                                         60     1   2  2  
 2 Matt Calvert                                      40     1   2  2  

Penalty Kill - 3 Players Defense
   Defense                  Defense                  Time % Phy DF OF 
 1 Morgan Rielly            Aaron Ness               60     1   2  2  
 2 Dillon Heatherington     Matt Grzelcyk            40     1   2  2  

4 vs 4 Forward 
   Center                   Wing                     Time % Phy DF OF 
 1 Zac Dalpe                Matt Calvert             60     1   2  2  
 2 Christian Hanson         Dominik Simon            40     1   2  2  

4 vs 4 Defense
   Defense                  Defense                  Time % Phy DF OF 
 1 Morgan Rielly            Aaron Ness               60     1   2  2  
 2 Dillon Heatherington     Matt Grzelcyk            40     1   2  2  

Last Minutes Offensive
   Center                   Left Wing                Right Wing               Defense                  Defense                  
   Zac Dalpe                Matt Calvert             Ondrej Kase              Morgan Rielly            Aaron Ness               

Last Minutes Defensive
   Center                   Left Wing                Right Wing               Defense                  Defense                  
   Zac Dalpe                Matt Calvert             Ondrej Kase              Morgan Rielly            Aaron Ness               

Goaltenders
Starting : Eric Comrie              
Backup : Phoenix Copley           

Extra Forwards
Normal : Ryan Fitzgerald, Maxim Mamin, Patrik Laine - PP : Ryan Fitzgerald, Maxim Mamin - PK : Patrik Laine
Extra Defensemen
Normal : Victor Mete, Tarmo Reunanen, Dillon Heatherington - PP : Victor Mete - PK : Tarmo Reunanen, Dillon Heatherington
Penalty Shots
Zac Dalpe, Matt Calvert, Christian Hanson, Dominik Simon, Ondrej Kase

Scratches
Peyton Jones (Healthy)

% Time on Ice - Rocket

Lines # - Real PCT - Wanted PCT - Time Play
Normal Forward
1 - 32% - 40% - 14:35
2 - 25% - 30% - 11:12
3 - 23% - 20% - 10:23
4 - 20% - 10% - 9:03
Normal Defense
1 - 41% - 40% - 18:19
2 - 31% - 30% - 13:54
3 - 24% - 20% - 11:03
4 - 4% - 10% - 1:57
PP Forward
1 - 53% - 60% - 4:35
2 - 47% - 40% - 4:01
PP Defense
1 - 59% - 60% - 5:07
2 - 41% - 40% - 3:29
PK Forward
1 - 80% - 60% - 3:54
2 - 20% - 40% - 0:57
PK Defense
1 - 45% - 60% - 2:10
2 - 55% - 40% - 2:41
PK3 Forward
1 - 0% - 60%
2 - 0% - 40%
PK3 Defense
1 - 0% - 60%
2 - 0% - 40%
44 Forward
1 - 100% - 60% - 1:20
2 - 0% - 40% - 0:00
44 Defense
1 - 75% - 60% - 1:00
2 - 25% - 40% - 0:20
Last Minute Offensive  - 0:00
Last Minute Defensive  - 0:00
Total
Forward - 60:00
Defense - 60:00

% Time on Ice - Monsters

Lines # - Real PCT - Wanted PCT - Time Play
Normal Forward
1 - 37% - 40% - 16:43
2 - 26% - 30% - 11:34
3 - 25% - 20% - 11:09
4 - 13% - 10% - 5:47
Normal Defense
1 - 41% - 40% - 18:28
2 - 30% - 30% - 13:40
3 - 22% - 20% - 9:55
4 - 7% - 10% - 3:10
PP Forward
1 - 40% - 60% - 1:56
2 - 60% - 40% - 2:55
PP Defense
1 - 61% - 60% - 2:57
2 - 39% - 40% - 1:54
PK Forward
1 - 72% - 60% - 6:14
2 - 28% - 40% - 2:22
PK Defense
1 - 53% - 60% - 4:31
2 - 47% - 40% - 4:05
PK3 Forward
1 - 0% - 60%
2 - 0% - 40%
PK3 Defense
1 - 0% - 60%
2 - 0% - 40%
44 Forward
1 - 85% - 60% - 1:08
2 - 15% - 40% - 0:12
44 Defense
1 - 81% - 60% - 1:05
2 - 19% - 40% - 0:15
Last Minute Offensive  - 0:00
Last Minute Defensive  - 0:00
Total
Forward - 60:00
Defense - 60:00

Play-by-Play

1st period


0:01 of 1st period - Zac Dalpe wins face-off versus Corey Trivino in neutral zone.
0:16 of 1st period - Slapshot by Tyler Pitlick.
0:16 of 1st period - Shot Misses the Net.
0:26 of 1st period - Zac Dalpe is hit by Jiri Sekac.
1:11 of 1st period - Karson Kuhlman is hit by Zac Dalpe and loses puck.
1:35 of 1st period - Minor Penalty to Kole Sherwood for Holding.
1:36 of 1st period - Christian Hanson wins face-off versus Mattias Tedenby in Rocket zone.
1:48 of 1st period - Backhand shot by Morgan Rielly.
1:48 of 1st period - Shot Misses the Net.
1:50 of 1st period - Slapshot by Morgan Rielly.
1:50 of 1st period - Stopped by Jean-Francois Berube with a rebound.
1:52 of 1st period - Snap shot by Austin Watson.
1:52 of 1st period - Goal by Austin Watson - Rocket : 0 - Monsters : 1.
1:53 of 1st period - Corey Trivino wins face-off versus Christian Hanson in neutral zone.
1:55 of 1st period - Off-side.
1:56 of 1st period - Tyler Pitlick wins face-off versus Christian Hanson in neutral zone.
1:59 of 1st period - Wrist shot by Mattias Tedenby.
1:59 of 1st period - Deflect By Corey Trivino.
1:59 of 1st period - Shot Misses the Net.
1:59 of 1st period - Puck is out of play.
2:00 of 1st period - Mitch Marner wins face-off versus Corey Trivino in Monsters zone.
2:36 of 1st period - Victor Mete is hit by Blake Hillman and loses puck.
3:12 of 1st period - Slapshot by Jiri Sekac.
3:12 of 1st period - Stopped by Eric Comrie without a rebound.
3:13 of 1st period - Dominic Turgeon wins face-off versus Jared Knight in Monsters zone.
3:57 of 1st period - Snap shot by Zac Dalpe.
3:57 of 1st period - Stopped by Jean-Francois Berube with a rebound.
3:59 of 1st period - Wrist shot by Zac Dalpe.
3:59 of 1st period - Stopped by Jean-Francois Berube with a rebound.
4:01 of 1st period - Slapshot by Dillon Heatherington.
4:01 of 1st period - Shot Misses the Net.
4:03 of 1st period - Snap shot by Ondrej Kase.
4:03 of 1st period - Shot Misses the Net.
4:05 of 1st period - Snap shot by Matt Calvert.
4:05 of 1st period - Stopped by Jean-Francois Berube with a rebound.
4:07 of 1st period - Slapshot by Dillon Heatherington.
4:07 of 1st period - Stopped by Jean-Francois Berube with a rebound.
4:42 of 1st period - Snap shot by Adrian Kempe.
4:42 of 1st period - Shot Misses the Net.
5:15 of 1st period - Ondrej Kase is hit by Corey Trivino.
5:23 of 1st period - Corey Trivino is hit by Zac Dalpe and loses puck.
5:56 of 1st period - Wrist shot by Dominik Simon.
5:56 of 1st period - Stopped by Jean-Francois Berube without a rebound.
5:57 of 1st period - Dominik Simon wins face-off versus Tyler Pitlick in Rocket zone.
6:32 of 1st period - Tyler Lewington is hit by Morgan Rielly.
6:36 of 1st period - Wrist shot by Adrian Kempe.
6:36 of 1st period - Deflect By Danton Heinen.
6:36 of 1st period - Shot Misses the Net.
6:36 of 1st period - Puck is out of play.
6:37 of 1st period - Corey Trivino wins face-off versus Matt Calvert in Monsters zone.
6:40 of 1st period - Slapshot by Corey Trivino.
6:40 of 1st period - Stopped by Eric Comrie without a rebound.
6:41 of 1st period - Corey Trivino wins face-off versus Zac Dalpe in Monsters zone.
6:50 of 1st period - Snap shot by Matt Calvert.
6:50 of 1st period - Shot Blocked by Tyler Pitlick.
6:52 of 1st period - Slapshot by Ondrej Kase.
6:52 of 1st period - Shot Misses the Net.
6:54 of 1st period - Backhand shot by Dillon Heatherington.
6:54 of 1st period - Deflect By Matt Calvert.
6:54 of 1st period - Stopped by Jean-Francois Berube without a rebound.
6:55 of 1st period - Christian Hanson wins face-off versus Corey Trivino in Rocket zone.
7:20 of 1st period - Peter Holland is hit by Ondrej Kase and loses puck.
7:45 of 1st period - Dominik Simon is hit by Jiri Sekac and loses puck.
8:00 of 1st period - Slapshot by Mattias Tedenby.
8:00 of 1st period - Shot Blocked by Dillon Heatherington.
9:05 of 1st period - Snap shot by Dominik Simon.
9:05 of 1st period - Shot Blocked by Andrey Pedan.
9:37 of 1st period - Slapshot by Danton Heinen.
9:37 of 1st period - Stopped by Eric Comrie with a rebound.
10:15 of 1st period - Snap shot by Christian Hanson.
10:15 of 1st period - Stopped by Jean-Francois Berube without a rebound.
10:16 of 1st period - Corey Trivino wins face-off versus Zac Dalpe in Rocket zone.
10:25 of 1st period - Snap shot by Tyler Pitlick.
10:25 of 1st period - Deflect By Zac Dalpe.
10:25 of 1st period - Stopped by Eric Comrie with a rebound.
11:11 of 1st period - Andrei Mironov is hit by Marc Michaelis.
11:25 of 1st period - Zac Dalpe is hit by Ty Rattie and loses puck.
11:44 of 1st period - Wrist shot by Tyler Pitlick.
11:44 of 1st period - Shot Misses the Net.
11:46 of 1st period - Slapshot by Andrei Mironov.
11:46 of 1st period - Stopped by Eric Comrie with a rebound.
11:54 of 1st period - Slapshot by Tyler Pitlick.
11:54 of 1st period - Stopped by Eric Comrie with a rebound.
12:24 of 1st period - Slapshot by Sergey Tolchinsky.
12:24 of 1st period - Shot Misses the Net.
12:34 of 1st period - Slapshot by Karson Kuhlman.
12:34 of 1st period - Stopped by Eric Comrie without a rebound.
12:35 of 1st period - Zac Dalpe wins face-off versus Corey Trivino in Monsters zone.
12:50 of 1st period - Slapshot by Tyler Pitlick.
12:50 of 1st period - Stopped by Eric Comrie without a rebound.
12:51 of 1st period - Peter Holland wins face-off versus Christian Hanson in Monsters zone.
12:54 of 1st period - Wrist shot by Danton Heinen.
12:54 of 1st period - Stopped by Eric Comrie with a rebound.
13:16 of 1st period - Matt Grzelcyk is hit by Corey Trivino.
13:39 of 1st period - Victor Mete is hit by Viktor Loov and loses puck.
13:56 of 1st period - Jared Knight is hit by Sergey Tolchinsky and loses puck.
14:05 of 1st period - Snap shot by Jared Knight.
14:05 of 1st period - Shot Misses the Net.
14:17 of 1st period - Adrian Kempe is hit by Christian Hanson and loses puck.
14:24 of 1st period - Wrist shot by Christian Hanson.
14:24 of 1st period - Stopped by Jean-Francois Berube with a rebound.
15:07 of 1st period - Andrei Mironov is hit by Aaron Ness and loses puck.
15:22 of 1st period - Slapshot by Sergey Tolchinsky.
15:22 of 1st period - Shot Misses the Net.
15:30 of 1st period - Snap shot by Karson Kuhlman.
15:30 of 1st period - Shot Hit the Post.
15:52 of 1st period - Snap shot by Peter Holland.
15:52 of 1st period - Stopped by Eric Comrie with a rebound.
15:58 of 1st period - Tyler Lewington is hit by Christian Hanson and loses puck.
16:58 of 1st period - Wrist shot by Jared Knight.
16:58 of 1st period - Shot Blocked by Andrei Mironov.
17:52 of 1st period - Wrist shot by Bobby Farnham.
17:52 of 1st period - Stopped by Jean-Francois Berube without a rebound.
17:53 of 1st period - Dominic Turgeon wins face-off versus Dominik Simon in Rocket zone.
17:55 of 1st period - Icing by Jiri Sekac.
17:56 of 1st period - Dominic Turgeon wins face-off versus Dominik Simon in Rocket zone.
18:07 of 1st period - Viktor Loov is hit by Dillon Heatherington and loses puck.
18:16 of 1st period - Wrist shot by Jiri Sekac.
18:16 of 1st period - Stopped by Eric Comrie without a rebound.
18:17 of 1st period - Zac Dalpe wins face-off versus Mattias Tedenby in Monsters zone.
18:17 of 1st period - Zac Dalpe is hit by Corey Trivino.
19:04 of 1st period - Backhand shot by Adrian Kempe.
19:04 of 1st period - Stopped by Eric Comrie with a rebound.
19:06 of 1st period - Wrist shot by Jiri Sekac.
19:06 of 1st period - Stopped by Eric Comrie with a rebound.
19:08 of 1st period - Wrist shot by Dominic Turgeon.
19:08 of 1st period - Shot Misses the Net.
19:32 of 1st period - Snap shot by Karson Kuhlman.
19:32 of 1st period - Stopped by Eric Comrie with a rebound.
19:50 of 1st period - Snap shot by Mattias Tedenby.
19:50 of 1st period - Shot Misses the Net.
Goals for this period are 0 for Rocket vs 1 for Monsters.
Shots for this period are 14 for Rocket vs 11 for Monsters.

2nd period


0:01 of 2nd period - Zac Dalpe wins face-off versus Corey Trivino in neutral zone.
0:43 of 2nd period - Icing by Adrian Kempe.
0:44 of 2nd period - Peter Holland wins face-off versus Dominik Simon in Rocket zone.
0:44 of 2nd period - Peter Holland is hit by Joakim Nordstrom.
0:58 of 2nd period - Slapshot by Aaron Ness.
0:58 of 2nd period - Goal by Aaron Ness - Rocket : 0 - Monsters : 2.
0:59 of 2nd period - Corey Trivino wins face-off versus Zac Dalpe in neutral zone.
1:04 of 2nd period - Slapshot by Tyler Pitlick.
1:04 of 2nd period - Deflect By Mattias Tedenby.
1:04 of 2nd period - Stopped by Eric Comrie without a rebound.
1:05 of 2nd period - Corey Trivino wins face-off versus Zac Dalpe in Monsters zone.
1:40 of 2nd period - Snap shot by Adrian Kempe.
1:40 of 2nd period - Stopped by Eric Comrie without a rebound.
1:41 of 2nd period - Mitch Marner wins face-off versus Corey Trivino in Monsters zone.
2:30 of 2nd period - Bobby Farnham is hit by Ty Rattie.
2:50 of 2nd period - Wrist shot by Jared Knight.
2:50 of 2nd period - Stopped by Jean-Francois Berube without a rebound.
2:51 of 2nd period - Richard Nejezchleb wins face-off versus Corey Trivino in Rocket zone.
3:02 of 2nd period - Snap shot by Jared Knight.
3:02 of 2nd period - Stopped by Jean-Francois Berube without a rebound.
3:03 of 2nd period - Corey Trivino wins face-off versus Zac Dalpe in Rocket zone.
4:26 of 2nd period - Snap shot by Zac Dalpe.
4:26 of 2nd period - Stopped by Jean-Francois Berube without a rebound.
4:27 of 2nd period - Corey Trivino wins face-off versus Christian Hanson in Rocket zone.
5:02 of 2nd period - Wrist shot by Adrian Kempe.
5:02 of 2nd period - Shot Blocked by Dillon Heatherington.
5:20 of 2nd period - Slapshot by Jiri Sekac.
5:20 of 2nd period - Goal by Jiri Sekac - Rocket : 1 - Monsters : 2.
5:21 of 2nd period - Corey Trivino wins face-off versus Zac Dalpe in neutral zone.
5:29 of 2nd period - Double Minor Penalty to Morgan Rielly for High sticking.
5:30 of 2nd period - Corey Trivino wins face-off versus Zac Dalpe in Monsters zone.
5:30 of 2nd period - Snap shot by Mattias Tedenby.
5:30 of 2nd period - Shot Misses the Net.
5:40 of 2nd period - Snap shot by Zac Dalpe.
5:40 of 2nd period - Shot Misses the Net.
6:03 of 2nd period - Slapshot by Andrey Pedan.
6:03 of 2nd period - Shot Misses the Net.
6:05 of 2nd period - Wrist shot by Danton Heinen.
6:05 of 2nd period - Stopped by Eric Comrie without a rebound.
6:06 of 2nd period - Peter Holland wins face-off versus Zac Dalpe in Monsters zone.
6:29 of 2nd period - Christian Hanson is hit by Adrian Kempe and loses puck.
7:22 of 2nd period - Slapshot by Matt Grzelcyk.
7:22 of 2nd period - Stopped by Jean-Francois Berube with a rebound.
7:24 of 2nd period - Snap shot by Austin Watson.
7:24 of 2nd period - Deflect By Patrik Laine.
7:24 of 2nd period - Stopped by Jean-Francois Berube with a rebound.
7:46 of 2nd period - Backhand shot by Adrian Kempe.
7:46 of 2nd period - Shot Misses the Net.
7:56 of 2nd period - Slapshot by Peter Holland.
7:56 of 2nd period - Shot Misses the Net.
7:58 of 2nd period - Snap shot by Peter Holland.
7:58 of 2nd period - Shot Misses the Net.
8:00 of 2nd period - Slapshot by Andrei Mironov.
8:00 of 2nd period - Deflect By Peter Holland.
8:00 of 2nd period - Shot Blocked by Austin Watson.
8:00 of 2nd period - Puck is out of play.
8:01 of 2nd period - Corey Trivino wins face-off versus Zac Dalpe in Monsters zone.
8:04 of 2nd period - Snap shot by Tyler Pitlick.
8:04 of 2nd period - Stopped by Eric Comrie without a rebound.
8:05 of 2nd period - Corey Trivino wins face-off versus Zac Dalpe in Monsters zone.
9:06 of 2nd period - Snap shot by Mattias Tedenby.
9:06 of 2nd period - Shot Blocked by Matt Grzelcyk.
9:08 of 2nd period - Snap shot by Tyler Pitlick.
9:08 of 2nd period - Stopped by Eric Comrie with a rebound.
9:10 of 2nd period - Snap shot by Viktor Loov.
9:10 of 2nd period - Stopped by Eric Comrie with a rebound.
9:19 of 2nd period - Wrist shot by Viktor Loov.
9:19 of 2nd period - Shot Blocked by Matt Grzelcyk.
9:29 of 2nd period - Penalty to Morgan Rielly is over, Morgan Rielly is back on ice.
9:39 of 2nd period - Snap shot by Corey Trivino.
9:39 of 2nd period - Shot Blocked by Matt Grzelcyk.
9:41 of 2nd period - Snap shot by Viktor Loov.
9:41 of 2nd period - Stopped by Eric Comrie without a rebound.
9:42 of 2nd period - Dominik Simon wins face-off versus Dominic Turgeon in Monsters zone.
10:18 of 2nd period - Wrist shot by Karson Kuhlman.
10:18 of 2nd period - Shot Misses the Net.
10:55 of 2nd period - Wrist shot by Bobby Farnham.
10:55 of 2nd period - Shot Misses the Net.
11:04 of 2nd period - Icing by Kole Sherwood.
11:05 of 2nd period - Christian Hanson wins face-off versus Karson Kuhlman in Rocket zone.
11:14 of 2nd period - Snap shot by Matt Calvert.
11:14 of 2nd period - Shot Misses the Net.
11:43 of 2nd period - Minor Penalty to Aaron Ness for Hooking.
11:44 of 2nd period - Corey Trivino wins face-off versus Zac Dalpe in Monsters zone.
12:11 of 2nd period - Morgan Rielly is hit by Adrian Kempe and loses puck.
12:27 of 2nd period - Icing by Andrey Pedan.
12:28 of 2nd period - Christian Hanson wins face-off versus Peter Holland in Rocket zone.
12:29 of 2nd period - Wrist shot by Dominik Simon.
12:29 of 2nd period - Shot Misses the Net.
12:35 of 2nd period - Morgan Rielly is hit by Danton Heinen.
13:43 of 2nd period - Penalty to Aaron Ness is over, Aaron Ness is back on ice.
13:48 of 2nd period - Icing by Tyler Pitlick.
13:49 of 2nd period - Mitch Marner wins face-off versus Dominic Turgeon in Rocket zone.
14:14 of 2nd period - Peter Holland is hit by Joakim Nordstrom and loses puck.
14:41 of 2nd period - Wrist shot by Richard Nejezchleb.
14:41 of 2nd period - Stopped by Jean-Francois Berube with a rebound.
14:50 of 2nd period - Off-side.
14:51 of 2nd period - Corey Trivino wins face-off versus Zac Dalpe in neutral zone.
15:02 of 2nd period - Wrist shot by Matt Calvert.
15:02 of 2nd period - Stopped by Jean-Francois Berube without a rebound.
15:03 of 2nd period - Corey Trivino wins face-off versus Ondrej Kase in Rocket zone.
15:28 of 2nd period - Viktor Loov is hit by Morgan Rielly and loses puck.
15:58 of 2nd period - Backhand shot by Bobby Farnham.
15:58 of 2nd period - Shot Blocked by Jiri Sekac.
16:09 of 2nd period - Off-side.
16:10 of 2nd period - Jared Knight wins face-off versus Karson Kuhlman in neutral zone.
16:21 of 2nd period - Jared Knight is hit by Kole Sherwood and loses puck.
16:52 of 2nd period - Minor Penalty to Aaron Ness for Interference.
16:53 of 2nd period - Zac Dalpe wins face-off versus Corey Trivino in Monsters zone.
16:59 of 2nd period - Icing by Mattias Tedenby.
17:00 of 2nd period - Zac Dalpe wins face-off versus Corey Trivino in Rocket zone.
17:31 of 2nd period - Minor Penalty to Tyler Pitlick for Holding Stick.
17:32 of 2nd period - Mattias Tedenby wins face-off versus Zac Dalpe in Rocket zone.
17:39 of 2nd period - Snap shot by Mattias Tedenby.
17:39 of 2nd period - Stopped by Eric Comrie with a rebound.
17:41 of 2nd period - Slapshot by Andrey Pedan.
17:41 of 2nd period - Shot Blocked by Zac Dalpe.
17:43 of 2nd period - Slapshot by Viktor Loov.
17:43 of 2nd period - Shot Misses the Net.
18:09 of 2nd period - Slapshot by Jack Glover.
18:09 of 2nd period - Shot Misses the Net.
18:11 of 2nd period - Slapshot by Andrei Mironov.
18:11 of 2nd period - Stopped by Eric Comrie without a rebound.
18:12 of 2nd period - Christian Hanson wins face-off versus Luke Kunin in Monsters zone.
18:17 of 2nd period - Slapshot by Dillon Heatherington.
18:17 of 2nd period - Stopped by Jean-Francois Berube without a rebound.
18:18 of 2nd period - Mattias Tedenby wins face-off versus Zac Dalpe in Rocket zone.
18:33 of 2nd period - Viktor Loov is hit by Zac Dalpe and loses puck.
18:52 of 2nd period - Penalty to Aaron Ness is over, Aaron Ness is back on ice.
18:54 of 2nd period - Slapshot by Matt Calvert.
18:54 of 2nd period - Shot Blocked by Jack Glover.
18:56 of 2nd period - Wrist shot by Christian Hanson.
18:56 of 2nd period - Shot Misses the Net.
18:58 of 2nd period - Snap shot by Dominik Simon.
18:58 of 2nd period - Stopped by Jean-Francois Berube with a rebound.
19:00 of 2nd period - Wrist shot by Morgan Rielly.
19:00 of 2nd period - Goal by Morgan Rielly - Rocket : 1 - Monsters : 3.
19:01 of 2nd period - Corey Trivino wins face-off versus Zac Dalpe in neutral zone.
19:03 of 2nd period - Off-side.
19:04 of 2nd period - Mattias Tedenby wins face-off versus Zac Dalpe in neutral zone.
Goals for this period are 1 for Rocket vs 2 for Monsters.
Shots for this period are 10 for Rocket vs 11 for Monsters.

3rd period


0:01 of 3rd period - Zac Dalpe wins face-off versus Corey Trivino in neutral zone.
0:14 of 3rd period - Snap shot by Matt Calvert.
0:14 of 3rd period - Stopped by Jean-Francois Berube with a rebound.
0:16 of 3rd period - Wrist shot by Zac Dalpe.
0:16 of 3rd period - Stopped by Jean-Francois Berube without a rebound.
0:17 of 3rd period - Peter Holland wins face-off versus Christian Hanson in Rocket zone.
0:27 of 3rd period - Off-side.
0:28 of 3rd period - Zac Dalpe wins face-off versus Corey Trivino in neutral zone.
1:19 of 3rd period - Jiri Sekac is hit by Dominik Simon and loses puck.
1:36 of 3rd period - Wrist shot by Tyler Pitlick.
1:36 of 3rd period - Goal by Tyler Pitlick - Rocket : 2 - Monsters : 3.
1:37 of 3rd period - Corey Trivino wins face-off versus Zac Dalpe in neutral zone.
2:53 of 3rd period - Wrist shot by Karson Kuhlman.
2:53 of 3rd period - Shot Misses the Net.
3:09 of 3rd period - Slapshot by Matt Calvert.
3:09 of 3rd period - Shot Blocked by Sergey Tolchinsky.
3:11 of 3rd period - Slapshot by Morgan Rielly.
3:11 of 3rd period - Shot Misses the Net.
3:13 of 3rd period - Wrist shot by Zac Dalpe.
3:13 of 3rd period - Shot Misses the Net.
3:19 of 3rd period - Snap shot by Matt Calvert.
3:19 of 3rd period - Shot Blocked by Sergey Tolchinsky.
3:21 of 3rd period - Snap shot by Morgan Rielly.
3:21 of 3rd period - Shot Misses the Net.
3:34 of 3rd period - Minor Penalty to Sergey Tolchinsky for Hooking.
3:35 of 3rd period - Mattias Tedenby wins face-off versus Christian Hanson in Rocket zone.
3:45 of 3rd period - Slapshot by Jack Glover.
3:45 of 3rd period - Stopped by Eric Comrie with a rebound.
4:17 of 3rd period - Dillon Heatherington is hit by Jack Glover and loses puck.
4:29 of 3rd period - Danton Heinen is hit by Matt Grzelcyk and loses puck.
4:54 of 3rd period - Tyler Lewington is hit by Bobby Farnham and loses puck.
4:55 of 3rd period - Tyler Lewington from Rocket is injured at 4:55 of 3rd period (Separated Right Shoulder).
4:56 of 3rd period - Zac Dalpe wins face-off versus Mattias Tedenby in Rocket zone.
5:12 of 3rd period - Snap shot by Matt Calvert.
5:12 of 3rd period - Goal by Matt Calvert - Rocket : 2 - Monsters : 4.
5:13 of 3rd period - Corey Trivino wins face-off versus Zac Dalpe in neutral zone.
5:20 of 3rd period - Snap shot by Corey Trivino.
5:20 of 3rd period - Stopped by Eric Comrie with a rebound.
5:59 of 3rd period - Snap shot by Karson Kuhlman.
5:59 of 3rd period - Shot Misses the Net.
6:01 of 3rd period - Slapshot by Kole Sherwood.
6:01 of 3rd period - Stopped by Eric Comrie without a rebound.
6:02 of 3rd period - Karson Kuhlman wins face-off versus Zac Dalpe in Monsters zone.
6:07 of 3rd period - Slapshot by Sergey Tolchinsky.
6:07 of 3rd period - Deflect By Karson Kuhlman.
6:07 of 3rd period - Stopped by Eric Comrie without a rebound.
6:08 of 3rd period - Zac Dalpe wins face-off versus Mattias Tedenby in Monsters zone.
6:18 of 3rd period - Slapshot by Aaron Ness.
6:18 of 3rd period - Stopped by Jean-Francois Berube without a rebound.
6:19 of 3rd period - Corey Trivino wins face-off versus Austin Watson in Rocket zone.
6:44 of 3rd period - Ondrej Kase is hit by Danton Heinen and loses puck.
7:05 of 3rd period - Snap shot by Dominic Turgeon.
7:05 of 3rd period - Stopped by Eric Comrie without a rebound.
7:06 of 3rd period - Dominik Simon wins face-off versus Dominic Turgeon in Monsters zone.
7:25 of 3rd period - Snap shot by Joakim Nordstrom.
7:25 of 3rd period - Stopped by Jean-Francois Berube with a rebound.
7:37 of 3rd period - Snap shot by Jack Glover.
7:37 of 3rd period - Stopped by Eric Comrie without a rebound.
7:38 of 3rd period - Corey Trivino wins face-off versus Zac Dalpe in Monsters zone.
8:04 of 3rd period - Matt Calvert is hit by Karson Kuhlman and loses puck.
8:17 of 3rd period - Snap shot by Matt Calvert.
8:17 of 3rd period - Stopped by Jean-Francois Berube without a rebound.
8:18 of 3rd period - Corey Trivino wins face-off versus Christian Hanson in Rocket zone.
8:28 of 3rd period - Minor Penalty to Austin Watson for Roughing.
8:29 of 3rd period - Corey Trivino wins face-off versus Zac Dalpe in Monsters zone.
10:28 of 3rd period - Penalty to Austin Watson is over, Austin Watson is back on ice.
11:00 of 3rd period - Slapshot by Joakim Nordstrom.
11:00 of 3rd period - Stopped by Jean-Francois Berube without a rebound.
11:01 of 3rd period - Dominik Simon wins face-off versus Corey Trivino in Rocket zone.
11:39 of 3rd period - Minor Penalty to Blake Hillman for Tripping.
11:40 of 3rd period - Zac Dalpe wins face-off versus Mattias Tedenby in Rocket zone.
11:50 of 3rd period - Snap shot by Zac Dalpe.
11:50 of 3rd period - Stopped by Jean-Francois Berube without a rebound.
11:51 of 3rd period - Mattias Tedenby wins face-off versus Zac Dalpe in Rocket zone.
12:00 of 3rd period - Snap shot by Zac Dalpe.
12:00 of 3rd period - Shot Blocked by Tyler Pitlick.
12:10 of 3rd period - Viktor Loov is hit by Matt Calvert and loses puck.
12:25 of 3rd period - Slapshot by Mitch Marner.
12:25 of 3rd period - Shot Misses the Net.
12:27 of 3rd period - Snap shot by Mitch Marner.
12:27 of 3rd period - Monsters goal is going for a video replay.
12:27 of 3rd period - The goal is good.
12:27 of 3rd period - Goal by Mitch Marner - Rocket : 2 - Monsters : 5.
12:28 of 3rd period - Christian Hanson wins face-off versus Corey Trivino in neutral zone.
12:34 of 3rd period - Aaron Ness is hit by Andrei Mironov and loses puck.
12:53 of 3rd period - Jack Glover is hit by Aaron Ness and loses puck.
13:02 of 3rd period - Slapshot by Adrian Kempe.
13:02 of 3rd period - Deflect By Danton Heinen.
13:02 of 3rd period - Shot Misses the Net.
13:02 of 3rd period - Puck is out of play.
13:03 of 3rd period - Zac Dalpe wins face-off versus Corey Trivino in Monsters zone.
13:28 of 3rd period - Christian Hanson is hit by Andrey Pedan and loses puck.
13:47 of 3rd period - Wrist shot by Jiri Sekac.
13:47 of 3rd period - Stopped by Eric Comrie without a rebound.
13:48 of 3rd period - Dominic Turgeon wins face-off versus Dominik Simon in Monsters zone.
13:49 of 3rd period - Slapshot by Jiri Sekac.
13:49 of 3rd period - Shot Misses the Net.
13:57 of 3rd period - Slapshot by Joakim Nordstrom.
13:57 of 3rd period - Shot Misses the Net.
13:59 of 3rd period - Snap shot by Bobby Farnham.
13:59 of 3rd period - Stopped by Jean-Francois Berube with a rebound.
14:13 of 3rd period - Jiri Sekac is hit by Aaron Ness and loses puck.
14:18 of 3rd period - Wrist shot by Mitch Marner.
14:18 of 3rd period - Shot Misses the Net.
14:20 of 3rd period - Slapshot by Mitch Marner.
14:20 of 3rd period - Deflect By Austin Watson.
14:20 of 3rd period - Stopped by Jean-Francois Berube with a rebound.
14:22 of 3rd period - Backhand shot by Morgan Rielly.
14:22 of 3rd period - Stopped by Jean-Francois Berube with a rebound.
14:24 of 3rd period - Wrist shot by Mitch Marner.
14:24 of 3rd period - Stopped by Jean-Francois Berube without a rebound.
14:25 of 3rd period - Zac Dalpe wins face-off versus Corey Trivino in Rocket zone.
15:03 of 3rd period - Adrian Kempe is hit by Austin Watson and loses puck.
15:15 of 3rd period - Peter Holland is hit by Mitch Marner and loses puck.
15:26 of 3rd period - Wrist shot by Adrian Kempe.
15:26 of 3rd period - Deflect By Danton Heinen.
15:26 of 3rd period - Stopped by Eric Comrie without a rebound.
15:27 of 3rd period - Zac Dalpe wins face-off versus Corey Trivino in Monsters zone.
15:32 of 3rd period - Snap shot by Mattias Tedenby.
15:32 of 3rd period - Stopped by Eric Comrie without a rebound.
15:33 of 3rd period - Tyler Pitlick wins face-off versus Zac Dalpe in Monsters zone.
15:34 of 3rd period - Backhand shot by Mattias Tedenby.
15:34 of 3rd period - Shot Misses the Net.
15:56 of 3rd period - Minor Penalty to Andrei Mironov for Tripping.
15:57 of 3rd period - Zac Dalpe wins face-off versus Mattias Tedenby in Rocket zone.
16:04 of 3rd period - Slapshot by Zac Dalpe.
16:04 of 3rd period - Shot Blocked by Viktor Loov.
16:06 of 3rd period - Snap shot by Zac Dalpe.
16:06 of 3rd period - Shot Misses the Net.
16:08 of 3rd period - Wrist shot by Zac Dalpe.
16:08 of 3rd period - Shot Misses the Net.
17:56 of 3rd period - Penalty to Andrei Mironov is over, Andrei Mironov is back on ice.
18:03 of 3rd period - Dominik Simon is hit by Jiri Sekac and loses puck.
18:08 of 3rd period - Snap shot by Jiri Sekac.
18:08 of 3rd period - Shot Blocked by Matt Grzelcyk.
18:10 of 3rd period - Snap shot by Dominic Turgeon.
18:10 of 3rd period - Stopped by Eric Comrie without a rebound.
18:11 of 3rd period - Jared Knight wins face-off versus Dominic Turgeon in Monsters zone.
18:59 of 3rd period - Snap shot by Mattias Tedenby.
18:59 of 3rd period - Stopped by Eric Comrie with a rebound.
19:50 of 3rd period - Slapshot by Ty Rattie.
19:50 of 3rd period - Stopped by Eric Comrie with a rebound.
Goals for this period are 1 for Rocket vs 2 for Monsters.
Shots for this period are 13 for Rocket vs 13 for Monsters. Output by the SimonT Hockey Simulator (STHS) for Francois Prevost - Original Page W3C HTML5 Valid
Hockey Simulator - Hockey Simulation - Hockey Manager